 Dungeon Crawl Stone Soup version 0.18.1-50-g88ac8fd (webtiles) character file.

1615 Nordron the Magician (level 8, -2/45 HPs)
             Began as a Gargoyle Earth Elementalist on Sept 26, 2016.
             Slain by an orc warrior
             ... wielding a +0 dire flail
              (6 damage)
             ... on level 5 of the Dungeon.
             The game lasted 00:40:57 (5393 turns).

Nordron the Magician (Gargoyle Earth Elementalist)  Turns: 5393, Time: 00:40:58

Health: -2/45      AC: 11    Str: 12    XL:     8   Next: 96%
Magic:  8/18       EV: 12    Int: 18    God:
Gold:   391        SH:  4    Dex: 12    Spells: 2 memorised, 16 levels left

rFire  . . .     SeeInvis .     b - 105 stones
rCold  . . .     Gourm    .     R - +1 robe {rN+}
rNeg   + + +     Faith    .     S - +0 buckler
rPois  ∞         Spirit   .     H - +1 helmet
rElec  +         Dismiss  .     G - +0 cloak
rCorr  .         Reflect  .     (no gloves)
SustAt .         Harm     .     (no boots)
MR     .....                    (no amulet)
Stlth  ++........               i - +2 ring of dexterity
                                O - ring of positive energy

@: not resistant to hostile enchantments, unstealthy
A: negative energy resistance 1, electricity resistance, unbreathing,
petrification resistance, rot immunity, AC +5
a: no special abilities


You were on level 5 of the Dungeon.
You were very hungry.

You visited 1 branch of the dungeon, and saw 6 of its levels.
You also visited: Sewer.

You collected 391 gold pieces.

Inventory:

Hand Weapons
 a - a +0 flail
Missiles
 b - 105 stones (in hand)
Armour
 t - the +5 ring mail "Ciubb" {rF++ Regen+ Int+3, unknown}
   (You found it on level 5 of the Dungeon)

   It affects your intelligence (+3).
   It greatly protects you from fire.
   It increases your rate of regeneration.
 G - a +0 cloak (worn)
 H - a +1 helmet (worn)
 R - a +1 robe of positive energy (worn)
 S - a +0 buckler (worn)
Rods
 T - a +0 rod of inaccuracy (13/13)
   (You found it on level 6 of the Dungeon)
Jewellery
 i - a +2 ring of dexterity (right hand)
 L - an uncursed ring of fire
 O - a ring of positive energy (left hand)
Wands
 e - a wand of flame (29/48)
 P - a wand of polymorph (17/24)
Scrolls
 g - a scroll of random uselessness {unknown}
 h - a scroll of blinking {unknown}
 p - 2 scrolls of magic mapping
 q - 3 scrolls of remove curse
 v - a scroll of enchant weapon {unknown}
 y - a scroll of amnesia
 A - a scroll of recharging {unknown}
 B - 2 scrolls of immolation {unknown}
 D - a scroll of enchant armour {unknown}
 E - 3 scrolls of identify
 F - 3 scrolls of teleportation {unknown}
 I - 3 scrolls of fog {unknown}
 J - 3 scrolls of fear {unknown}
Potions
 f - a potion of berserk rage {unknown}
 j - a potion of cancellation {unknown}
 k - a potion of cure mutation {unknown}
 l - 2 potions of might {unknown}
 n - a potion of beneficial mutation {unknown}
 o - 2 potions of lignification {unknown}
 r - 2 potions of agility {unknown}
 s - 2 potions of flight {unknown}
 u - 2 potions of magic {unknown}
 x - 2 potions of curing {unknown}
 z - 3 potions of resistance {unknown}
 C - a potion of heal wounds {unknown}
 K - a potion of haste {unknown}
 N - a potion of brilliance {unknown}
 Q - a potion of invisibility {unknown}
Books
 c - a book of Geomancy

   Spells                             Type                      Level
   a - Sandblast                      Earth                        1
   b - Passwall                       Transmutation/Earth          2
   c - Stone Arrow                    Conjuration/Earth            3
   d - Petrify                        Transmutation/Earth          4
   e - Lee's Rapid Deconstruction     Earth                        5
Comestibles
 d - 4 bread rations
 m - a slice of pizza
 w - 3 fruits
 M - 3 beef jerkies
 U - a chunk of flesh


   Skills:
 + Level 2.7 Fighting
 + Level 1.6 Maces & Flails
 + Level 2.7 Armour
 + Level 2.7 Dodging
 - Level 2.1 Stealth
 + Level 1.5 Shields
 * Level 6.6 Spellcasting
 + Level 4.0 Conjurations
   Level 0.7 Transmutations
 + Level 6.5 Earth Magic
 + Level 1.4 Evocations


You had 16 spell levels left.
You knew the following spells:

 Your Spells              Type           Power        Failure   Level  Hunger
a - Sandblast             Erth           ####..       1%          1    None
b - Stone Arrow           Conj/Erth      ####..       8%          3    ##.....


Dungeon Overview and Level Annotations

Branches:
Dungeon (6/15)
 Temple: D:4-7

Altars:
Kikubaaqudgha
Makhleb
Nemelex Xobeh
Okawaru
Ru
Xom
Zin


Innate Abilities, Weirdness & Mutations

You are resistant to torment.
Your stone body is resilient (AC +5).
You are immune to poison.
You resist negative energy.
You are resistant to electric shocks.
You can survive without breathing.
You are immune to petrification.
You are immune to rotting.


Message History

Aim: an orc warrior, wielding a dire flail and wearing a plate armour (heavily wounded)
The rocky blast hits the orc warrior.
The orc warrior is heavily wounded.
The orc warrior closely misses you.
Casting: Sandblast
Confirm with . or Enter, or press ? or * to list all spells.
Aiming: Sandblast
Press: ? - help, Shift-Dir - straight line, f/p - orc warrior
Aim: an orc warrior, wielding a dire flail and wearing a plate armour (heavily wounded)
The rocky blast hits the orc warrior.
The orc warrior is severely wounded.
Casting: Sandblast
Confirm with . or Enter, or press ? or * to list all spells.
Aiming: Sandblast
Press: ? - help, Shift-Dir - straight line, f/p - orc warrior
Aim: an orc warrior, wielding a dire flail and wearing a plate armour (severely wounded)
The rocky blast hits the orc warrior.
The orc warrior is severely wounded.
The orc warrior hits you with a dire flail.
You die...

#### #.....#####.........#
...# ##..................#
...# #..................#
...# #..................#
...# #..................#
...# #................>.#
...# #..................#
...# #..................#
...######.......@o.........#
...................#########
..........(........#
...........<.......#
...................#
............<......#
...................#
#'##......##########
...+......#


You could see an orc warrior.

Vanquished Creatures
  An orc warrior (D:6)
  A sky beast (D:6)
  A phantom (D:4)
  An ogre (D:4)
  3 centaurs
  A big kobold (Sewer)
  4 giant frogs (D:6)
  2 scorpions
  A crimson imp (D:5)
  2 orc priests
  A centaur skeleton (D:5)
  2 giant frog skeletons (D:5)
  3 worker ants
  A killer bee zombie (D:5)
  A hound skeleton (D:4)
  A howler monkey zombie (D:5)
  8 gnolls (D:2)
  9 adders
  A howler monkey skeleton (D:4)
  2 river rats (D:3)
  A shadow imp (D:6)
  2 oozes
  An adder skeleton (D:5)
  5 dart slugs
  A giant gecko (D:3)
  13 orcs
  9 bats
  3 giant cockroaches
  11 goblins
  12 hobgoblins
  9 jackals
  15 kobolds
  A quokka (D:3)
  8 ball pythons
  4 giant newts
  12 rats
153 creatures vanquished.

Notes
Turn   | Place    | Note
--------------------------------------------------------------
     0 | D:1      | Nordron the Gargoyle Earth Elementalist began the quest for the Orb.
     0 | D:1      | Reached XP level 1. HP: 10/10 MP: 3/3
   118 | D:1      | Reached XP level 2. HP: 15/15 MP: 3/5
   331 | D:1      | Reached XP level 3. HP: 14/19 MP: 0/7
   509 | D:1      | Found a shimmering altar of Xom.
   601 | D:1      | Learned a level 3 spell: Stone Arrow
  1016 | D:2      | Found a glowing silver altar of Zin.
  1184 | D:2      | Reached XP level 4. HP: 24/24 MP: 5/9
  1186 | D:2      | Reached skill level 1 in Conjurations
  1478 | D:2      | Reached XP level 5. HP: 28/28 MP: 7/10
  1864 | D:3      | Reached skill level 5 in Earth Magic
  1886 | D:3      | Found a glowing drain.
  1977 | Sewer    | Entered a sewer
  1980 | Sewer    | Reached XP level 6. HP: 11/32 MP: 5/12
  2347 | Sewer    | Found a glowing silver altar of Zin.
  2885 | D:3      | Reached skill level 5 in Spellcasting
  3097 | D:3      | Found a burning altar of Makhleb.
  3240 | D:4      | Found an ancient bone altar of Kikubaaqudgha.
  3251 | D:4      | Reached XP level 7. HP: 32/36 MP: 10/15
  3306 | D:4      | Found an iron altar of Okawaru.
  3592 | D:4      | Reached skill level 1 in Fighting
  3633 | D:4      | Reached skill level 1 in Armour
  3756 | D:5      | Entered Level 5 of the Dungeon
  3868 | D:5      | Reached XP level 8. HP: 41/43 MP: 9/17
  3939 | D:5      | Found a sparkling altar of Nemelex Xobeh.
  4281 | D:5      | Found a sacrificial altar of Ru.
  4493 | D:5      | Got a jewelled ring mail
  4693 | D:6      | Reached skill level 1 in Maces & Flails
  4693 | D:6      | Reached skill level 1 in Shields
  4693 | D:6      | Reached skill level 1 in Evocations
  4710 | D:6      | Identified a +0 rod of inaccuracy (13/13) (You found it on level 6 of the Dungeon)
  5377 | D:6      | HP: 1/45 [orc warrior/dire flail (20)]
  5393 | D:5      | Slain by an orc warrior

Skill      XL: |  1  2  3  4  5  6  7  8 |
---------------+-------------------------+-----
Earth Magic    | 4 5 6 |  6.5
Spellcasting   | 3 4 5 6 |  6.6
Conjurations   | 1 2 3 4 |  4.0
Fighting       | 1 2 |  2.7
Armour         | 1 2 |  2.7
Dodging        | 2 |  2.7
Maces & Flails | 1 |  1.6
Shields        | 1 |  1.5
Evocations     | 1 |  1.4
Stealth        | |  2.1
Transmutations | |  0.7

Action                   |  1- 3 |  4- 6 |  7- 9 || total
-------------------------+-------+-------+-------++-------
Melee: Spear             |    43 |    32 |    10 ||    85
       Flail             |       |       |     7 ||     7
 Cast: Sandblast         |    62 |   113 |   154 ||   329
  Use: Scroll            |       |     4 |     1 ||     5
  Eat: Chunk             |     1 |     6 |     5 ||    12
       Fruit             |       |       |     1 ||     1
Armor: Robe              |    29 |    27 |    56 ||   112
Dodge: Dodged            |    48 |    57 |    84 ||   189
Block: Buckler           |       |       |    12 ||    12
